 Dungeon Crawl Stone Soup version 0.20.1-1-g8b1a95d (webtiles) character file.

249 fladnag the Chopper (level 5, -4/48 HPs)
             Began as a Minotaur Berserker on Jan 2, 2018.
             Was a Believer of Trog.
             Slain by a gnoll
             ... wielding a +0 spear
              (7 damage)
             ... on level 4 of the Dungeon.
             The game lasted 02:13:07 (4160 turns).

fladnag the Chopper (Minotaur Berserker)            Turns: 4160, Time: 02:13:30

Health: -4/48      AC:  4    Str: 22      XL:     5   Next: 86%
Magic:  4/4        EV: 12    Int:  3 (4)  God:    Trog [**....]
Gold:   168        SH:  0    Dex: 10      Spells: 4/4 levels left

rFire    . . .     SeeInvis .   a - +0 hand axe
rCold    . . .     Gourm    .   (no shield)
rNeg     . . .     Faith    .   e - +0 leather armour
rPois    .         Spirit   .   (helmet restricted)
rElec    .         Reflect  .   (no cloak)
rCorr    .         Harm     .   m - +0 pair of gloves
MR       .....                  (no boots)
Stlth    ++........             (no amulet)
Regen    0.2/turn               f - ring of stealth
MPRegen  0.1/turn               (no ring)

@: about to teleport, berserk cooldown, slowed, very slow
A: retaliatory headbutt, horns 2
a: Berserk, Trog's Hand, Burn Spellbooks, Renounce Religion


You were on level 4 of the Dungeon.
You worshipped Trog.
Trog was pleased with you.
You were not hungry.

You visited 1 branch of the dungeon, and saw 4 of its levels.

You collected 168 gold pieces.

Inventory:

Hand Weapons
 a - a +0 hand axe (weapon)
 k - a +0 mace
Missiles
 b - 29 stones (quivered)
Armour
 e - a +0 leather armour (worn)
 m - a +0 pair of gloves (worn)
Jewellery
 f - a ring of stealth (left hand)
Scrolls
 h - a scroll of noise
 j - a scroll of teleportation
Books
 l - a book of Cantrips

   Spells                             Type                      Level
   a - Confusing Touch                Hexes                        1
   b - Animate Skeleton               Necromancy                   1
   c - Summon Small Mammal            Summoning                    1
   d - Apportation                    Translocation                1
   Trog disapproves of the use of such an item.
Comestibles
 c - 3 bread rations
 g - a royal jelly


   Skills:
 + Level 5.2 Fighting
 + Level 5.6 Axes
 + Level 4.6 Armour
 - Level 2.3 Dodging


You had 4 spell levels left.
You didn't know any spells.

Dungeon Overview and Level Annotations

Branches:
Dungeon (4/15)
 Temple: D:4-7

Altars:
Ashenzari
Dithmenos
Elyvilon
Hepliaklqana
Vehumet


Innate Abilities, Weirdness & Mutations

You reflexively headbutt those who attack you in melee.
You have a pair of horns on your head.


Message History

The gnoll shaman prays to its god.
The gnoll shaman is healed somewhat.
The gnoll barely misses you.
As you read the scroll of teleportation, it crumbles to dust.
You feel strangely unstable.
You feel sick.
You are no longer poisoned.
The gnoll shaman hits you with a whip.
* * * LOW HITPOINT WARNING * * *
The gnoll hits you from afar with a spear.
* * * LOW HITPOINT WARNING * * *
The gnoll shaman closely misses you.
As you read the scroll labeled ZUYROO MAMIYCU, it crumbles to dust.
It is a scroll of identify.
h - a scroll of noise Your skin stops crawling.
You feel less resistant to hostile enchantments.
The gnoll hits you from afar with a spear.
* * * LOW HITPOINT WARNING * * *
The gnoll shaman closely misses you.
The gnoll hits you from afar with a spear!
You die...

# #. #.. +...
#....
#...gg##########
....gSg@........
....####.#.#######
. #.......<....#
#.#.########.#
#.#.......##.#
#.#######.##.#
#.....# #.##.#
##.....###.##.#
#......##.....#


You could see a gnoll shaman, 3 gnolls and an adder.

Vanquished Creatures
  2 orc wizards (D:3)
  A worker ant (D:4)
  6 adders
  4 gnolls (D:2)
  An ooze (D:3)
  2 worms (D:3)
  3 dart slugs
  2 leopard geckos
  3 orcs (D:3)
  2 ball pythons
  3 giant cockroaches
  7 goblins
  7 hobgoblins
  4 jackals (D:3)
  9 bats
  4 frilled lizards
  9 kobolds
  A leopard gecko skeleton (D:4)
  6 rats
76 creatures vanquished.

Notes
Turn   | Place    | Note
-------+----------+-------------------------------------------
     0 | D:1      | fladnag the Minotaur Berserker began the quest for the Orb.
     0 | D:1      | Reached XP level 1. HP: 19/19 MP: 0/0
   434 | D:1      | Reached XP level 2. HP: 27/27 MP: 1/1
  1617 | D:2      | Found a radiant altar of Vehumet.
  1653 | D:2      | Reached XP level 3. HP: 12/33 MP: 2/2
  1875 | D:2      | Reached ** piety under Trog
  2222 | D:2      | Reached XP level 4. HP: 37/41 MP: 3/3
  2753 | D:2      | Found a shadowy altar of Dithmenos.
  3288 | D:3      | Reached skill level 5 in Axes
  3288 | D:3      | Reached XP level 5. HP: 47/47 MP: 4/4
  3289 | D:3      | Reached skill level 5 in Fighting
  3462 | D:3      | Found a white marble altar of Elyvilon.
  3746 | D:3      | Found a shattered altar of Ashenzari.
  3897 | D:3      | Found a hazy altar of Hepliaklqana.
  4160 | D:4      | Slain by a gnoll

Skill      XL: |  1  2  3  4  5 |
---------------+----------------+-----
Fighting       | 4 5 |  5.2
Axes           | 4 5 |  5.6
Armour         | 3 4 |  4.6
Dodging        | |  2.3

Action                   |  1- 3 |  4- 6 || total
-------------------------+-------+-------++-------
Melee: Hand axe          |    84 |    92 ||   176
       Headbutt          |     8 |    15 ||    23
Throw: Throwing net      |       |     1 ||     1
       Stone             |       |     5 ||     5
Invok: Berserk           |     2 |     3 ||     5
       Trog's Hand       |     1 |     2 ||     3
  Use: Potion            |     2 |       ||     2
       Scroll            |     4 |     4 ||     8
 Stab: Sleeping          |       |     1 ||     1
  Eat: Chunk             |     5 |     3 ||     8
       Meat ration       |     1 |       ||     1
       Fruit             |       |     2 ||     2
       Royal jelly       |       |     1 ||     1
Armor: Animal skin       |    22 |       ||    22
       Leather armour    |       |    27 ||    27
Dodge: Dodged            |    51 |    79 ||   130
